AoeStats
← Clueless Clown

Nomad

503143870Analyzed
2v2 RM · 1mo ago on Aug 30, 2026· 19m 51s· 4 players
Game mode
Random Map
Map size
176×176
Population
200
Speed
Normal
Resources
Standard
Victory
Conquest
Starting age
Dark Age
Ending age
Imperial Age
RankedLock teamsTeams togetherTeam positionsShared explorationLock speedFull tech treeHidden civsTurbo modeCheats
Victory
Defeat
🇺🇸 Japanese · United States
1060
+15
🇷🇴 Turks · Romania
1045
+15
🇳🇱 Lithuanians · Netherlands
1073
-17
🇳🇱 Huns · Netherlands
988
-13
Ryu
13:33 Feudal Age
12:05 Loom
14:04 Double-Bit Axe
17:10 Bloodlines
17:44 Forging
21:55 Castle Age
Clueless Clown
13:34 Feudal Age
14:13 Loom
13:55 Man-at-Arms
15:23 Arson
17:52 Fletching
18:32 Scale Mail Armor
Gabzzel
4:13 Loom
13:10 Feudal Age
14:20 Town Watch
18:53 Castle Age
18:11 Wheelbarrow
18:29 Stone Mining
Richard the Dog
9:02 Loom
9:32 Loom
18:56 Feudal Age
Connection lost

Rejoining the realm…

Still unreachable

The connection could not be restored.

Session expired

The server has moved on; the page needs a fresh start.